 Dungeon Crawl Stone Soup version 0.29.1 (webtiles) character file.

Game seed: 17498416223787716795

19154 xian the Cleaver (level 12, -5/107 HPs)
             Began as a Purple Draconian Abyssal Knight on Sept 14, 2022.
             Was the Champion of Lugonu.
             Shot with an arrow by a centaur warrior (20 damage)
             ... on level 13 of the Dungeon.
             The game lasted 00:31:21 (11066 turns).

xian the Cleaver (Purple Draconian Abyssal Knight) Turns: 11066, Time: 00:31:21

Health: -5/107     AC: 17    Str: 19    XL:     12   Next: 34%
Magic:  13/13      EV: 18    Int: 10    God:    Lugonu [******]
Gold:   878        SH:  0    Dex: 20    Spells: 11/11 levels left

rFire   . . .      SeeInvis .   w - +2 war axe (flame)
rCold   . . .      Faith    .   (no shield)
rNeg    . . .      Spirit   .   (body armour unavailable)
rPois   .          Reflect  .   (helmet restricted)
rElec   .          Harm     .   l - +0 cloak
rCorr   .          Rampage  .   F - +0 pair of gloves
Will    +....                   M - +2 pair of boots
Stlth   +++.......              t - amulet of regeneration
HPRegen 1.07/turn               i - +6 ring of dexterity
MPRegen 0.13/turn               D - +4 ring of protection

@: studying Conjurations
A: breathe power, AC +8, unfitting armour, cold-blooded
a: Breathe Dispelling Energy, Renounce Religion, Depart the Abyss, Bend Space,
Banish, Corrupt, Enter the Abyss, Brand Weapon With Distortion


You were on level 13 of the Dungeon.
You worshipped Lugonu.
Lugonu was exalted by your worship.
You visited 1 branch of the dungeon, and saw 13 of its levels.
You visited the Abyss 1 time.

You collected 878 gold pieces.

Inventory:

Hand Weapons
 w - a +2 war axe of flaming (weapon)
Armour
 l - a +0 cloak (worn)
 B - an orb of mayhem
 F - a +0 pair of gloves (worn)
 M - a +2 pair of boots (worn)
Jewellery
 i - a +6 ring of dexterity (left hand)
 q - a ring of see invisible
 t - an amulet of regeneration (around neck)
 D - a +4 ring of protection (right hand)
 E - a ring of ice
Wands
 x - a wand of charming (15)
 y - a wand of mindburst (9)
 A - a wand of iceblast (3)
 J - a wand of quicksilver (10)
 O - a wand of flame (8)
Scrolls
 a - a scroll of butterflies {unknown}
 b - 3 scrolls of vulnerability {unknown}
 c - a scroll of enchant armour
 d - a scroll of blinking
 g - a scroll of immolation
 j - 2 scrolls of enchant weapon {unknown}
 n - 2 scrolls of poison
 p - 2 scrolls of silence {unknown}
 r - 3 scrolls of magic mapping
 u - 2 scrolls of summoning
 v - 3 scrolls of amnesia {unknown}
 G - 3 scrolls of teleportation
 I - a scroll of fear
 N - a scroll of noise {unknown}
Potions
 e - 6 potions of curing
 f - 5 potions of brilliance
 h - 2 potions of heal wounds
 k - a potion of resistance {unknown}
 m - 2 potions of degeneration
 o - 2 potions of flight {unknown}
 s - a potion of magic
 z - 2 potions of mutation
 C - a potion of attraction {unknown}
 H - a potion of cancellation
 K - a potion of haste {unknown}


   Skills:
 + Level 10.5 Fighting
 + Level 14.1 Axes
 + Level 8.7 Dodging
 + Level 4.0 Stealth
 * Level 9.5 Conjurations
 + Level 2.1 Invocations


You had 11 spell levels left.
You didn't know any spells.
Your spell library contained the following spells:

 Spells                   Type           Power      Damage    Failure   Level
 Slow                     Hex            0%         N/A       36%         1
 Sting                    Tmut/Pois      0%         1d3       36%         1
 Summon Small Mammal      Summ           0%         N/A       36%         1
 Poisonous Vapours        Pois/Air       0%         N/A       50%         2
 Call Canine Familiar     Summ           0%         N/A       75%         3
 Confusing Touch          Hex            0%         N/A       75%         3
 Gell's Gravitas          Tloc           0%         N/A       75%         3
 Summon Guardian Golem    Hex/Summ       0%         N/A       75%         3
 Teleport Other           Tloc           0%         N/A       75%         3
 Vampiric Draining        Necr           0%         2d6       75%         3
 Lightning Bolt           Conj/Air       4%         1d16      83%         5
 Airstrike                Air            0%         2d(0-16)  98%         4
 Cause Fear               Hex            0%         N/A       98%         4
 Olgreb's Toxic Radiance  Pois           0%         N/A       98%         4
 Passage of Golubria      Tloc           0%         N/A       98%         4
 Summon Lightning Spire   Summ/Air       0%         N/A       98%         4
 Silence                  Hex/Air        0%         N/A       100%        5
 Dispersal                Tloc           0%         N/A       100%        6
 Dragon Form              Tmut           0%         N/A       100%        7
 Lehudib's Crystal Spear  Conj/Erth      4%         10d3      100%        8
 Dragon's Call            Summ           0%         N/A       100%        9


Dungeon Overview and Level Annotations

Branches:
Dungeon (13/15)            Temple (0/1) D:4            Lair (0/5) D:11
    Orc (0/2) D:10
 Vaults: D:13-14

Altars:
Hepliaklqana
Kikubaaqudgha
Qazlal
Sif Muna
Vehumet

Shops:
D:5 (

Portals:
Trove: D:10 (give +7 demon trident)

Annotations:
D:8 1 runed translucent door
D:10 3 runed translucent doors, QueenGhuleh's ghost, novice MiBe
D:12 exclusion: obsidian statue
D:13 Snorg


Innate Abilities, Weirdness & Mutations

You can breathe bolts of dispelling energy.
Your rich purple scales are hard. (AC +8)
You cannot fit into any form of body armour.
You are cold-blooded and may be slowed by cold attacks.


Message History

You kill the meliai!
Lugonu accepts your kill.
The two-headed ogre hits you with a +0 dire flail!
The two-headed ogre misses you.
A centaur warrior comes into view.
You hit the two-headed ogre. You burn the two-headed ogre.
The two-headed ogre is lightly wounded.
The centaur warrior wields a +0 longbow.
The centaur warrior shoots an arrow.
The arrow hits you but does no damage. The two-headed ogre closely misses you.
The two-headed ogre misses you.
You slash the two-headed ogre! You burn the two-headed ogre.
You tail-slap the two-headed ogre.
The two-headed ogre is heavily wounded.
The centaur warrior shoots an arrow.
The arrow hits you!
You hit the two-headed ogre. You burn the two-headed ogre.
The two-headed ogre is heavily wounded.
The centaur warrior shoots an arrow.
The arrow hits you.
The two-headed ogre hits you with a +0 dire flail!
The two-headed ogre completely misses you.
You hit the two-headed ogre. You burn the two-headed ogre.
The two-headed ogre is severely wounded.
The centaur warrior shoots an arrow.
The arrow hits you!
You slice the two-headed ogre!! You burn the two-headed ogre.
You kill the two-headed ogre!
Lugonu accepts your kill.
The centaur warrior shoots an arrow.
The arrow hits you.
The centaur warrior shoots an arrow.
The arrow hits you.
The centaur warrior shoots an arrow.
The arrow hits you!
* * * LOW HITPOINT WARNING * * *
Things that are here:
a +0 dire flail; a +0 giant spiked club The centaur warrior shoots an arrow.
The arrow hits you!!
* * * LOW HITPOINT WARNING * * *
Okay, then.
Aiming: Charm
Press: ? - help, Shift-Dir - straight line, f - centaur warrior
Aim: a centaur warrior, wielding a +0 longbow (chance to affect: 31%)
The centaur warrior easily resists.
The centaur warrior shoots an arrow.
The arrow hits you!!
You die...

#.## #.# #†## #.# . ##.###
####.# # ##..# #.<..# ##.#
####.# #.# .####.## #.##
#.#.....#### ###(##
##.##........# #.##.##
##@# ####..##.#
#.###.######.### #<.##.#
#.#
##c.).c)##.#####..##.#####
#.#
########..........)......
#.# #.###.######.##.#####
#.# #.# #.# #..##.# #.#
#.# #.# #.###.# #.#
##.###.# #.#
#.#######...##.#####.# #.#


You could see a centaur warrior.

Vanquished Creatures
  Frances (D:13)
  2 centaur warriors (D:13)
  A hydra (D:12)
  A two-headed ogre (D:13)
  An ugly thing (D:12)
  2 cyclopes
  An elephant (shapeshifter) (D:13)
  Maurice (D:13)
  A gargoyle (D:10)
  An unseen horror (D:11)
  Maggie (D:6)
  8 trolls
  A meliai (shapeshifter) (D:13)
  2 hornets
  Prince Ribbit (D:7)
  A slime creature (D:8)
  A water elemental (D:11)
  2 shadows
  6 wraiths
  9 yaks
  A vampire (D:11)
  3 steam dragons
  9 vampire mosquitoes
  Edmund (D:5)
  2 acid dragons (D:8)
  3 water moccasins
  8 orc warriors
  A sky beast (D:8)
  A black bear (D:7)
  An ice beast (D:8)
  2 ogres
  A wolf (D:11)
  7 centaurs
  A phantom (D:6)
  5 kobold brigands
  3 bullfrogs
  A necrophage (D:6)
  7 scorpions
  9 wights
  14 killer bees
  2 electric eels (D:11)
  5 howler monkeys
  8 hounds
  3 jellies
  7 orc priests
  2 gnoll boudas
  Natasha (twice) (D:2)
  3 iguanas
  12 orc wizards
  9 gnolls
  6 adders
  A shadow imp (D:6)
  3 white imps
  An ufetubus (D:7)
  3 worms (D:4)
  3 dart slugs (D:4)
  58 orcs
  3 ball pythons
  6 endoplasms
  3 giant cockroaches
  4 goblins
  2 hobgoblins
  5 jackals
  2 quokkas
  A bat (D:2)
  18 kobolds
  3 rats
299 creatures vanquished.

Vanquished Creatures (others)
  A deep elf pyromancer (D:12)
  An orc (D:6)
2 creatures vanquished.

Grand Total: 301 creatures vanquished

Notes
Turn   | Place    | Note
-------+----------+-------------------------------------------
     0 | Abyss:1  | xian the Draconian Abyssal Knight began the quest for the
                  | Orb.
     0 | Abyss:1  | Reached XP level 1. HP: 19/19 MP: 2/2
     1 | D:1      | Escaped the Abyss
   104 | D:1      | Found a faded altar of an unknown god.
   549 | D:2      | Reached XP level 2. HP: 25/27 MP: 3/3
   911 | D:2      | Noticed Natasha
   914 | D:2      | Noticed a crimson imp
   923 | D:2      | Killed Natasha
   924 | D:2      | Reached XP level 3. HP: 21/33 MP: 4/4
  1166 | D:2      | Noticed Natasha
  1181 | D:2      | Killed Natasha
  1182 | D:2      | Reached XP level 4. HP: 4/41 MP: 5/5
  1582 | D:3      | You fall into a shaft and drop 1 floor!
  1874 | D:3      | Reached skill level 1 in Stealth
  2552 | D:4      | Reached *** piety under Lugonu
  2568 | D:4      | Reached skill level 3 in Axes
  2619 | D:4      | Reached XP level 5. HP: 47/47 MP: 6/6
  2650 | D:4      | Found a staircase to the Ecumenical Temple.
  2701 | D:4      | Reached skill level 4 in Axes
  3050 | D:4      | Reached XP level 6. HP: 53/53 MP: 7/7
  3051 | D:4      | Reached **** piety under Lugonu
  3871 | D:5      | Entered Level 5 of the Dungeon
  3892 | D:5      | Noticed Edmund
  3900 | D:5      | Reached skill level 5 in Axes
  3919 | D:5      | Killed Edmund
  3920 | D:5      | Reached skill level 5 in Fighting
  4025 | D:5      | Your scales start taking on a rich purple colour.
  4025 | D:5      | Reached XP level 7. HP: 30/61 MP: 8/8
  4034 | D:5      | Reached skill level 6 in Axes
  4141 | D:5      | Found Akku Jov's Weapon Emporium.
  4844 | D:6      | Reached skill level 7 in Axes
  4844 | D:6      | Reached XP level 8. HP: 70/70 MP: 9/9
  4971 | D:6      | Noticed Maggie
  4984 | D:6      | Killed Maggie
  4985 | D:6      | Reached skill level 8 in Axes
  5390 | D:6      | Reached skill level 9 in Axes
  5390 | D:6      | Reached XP level 9. HP: 40/78 MP: 10/10
  5439 | D:7      | Reached skill level 5 in Dodging
  5683 | D:7      | Reached skill level 10 in Axes
  5866 | D:7      | Found a radiant altar of Vehumet.
  5876 | D:7      | Found a shimmering blue altar of Sif Muna.
  5899 | D:7      | Noticed Prince Ribbit
  5909 | D:7      | Killed Prince Ribbit
  6182 | D:8      | Reached ***** piety under Lugonu
  6197 | D:8      | Reached skill level 1 in Conjurations
  6253 | D:8      | Found a runed translucent door.
  6356 | D:8      | Found a runed translucent door.
  6427 | D:8      | Reached XP level 10. HP: 71/88 MP: 11/11
  6438 | D:8      | Reached skill level 11 in Axes
  7255 | D:8      | Reached skill level 12 in Axes
  7255 | D:8      | Reached skill level 5 in Conjurations
  7897 | D:10     | Entered Level 10 of the Dungeon
  7897 | D:10     | Found a portal to a secret trove of treasure.
  8043 | D:10     | Found a hazy altar of Hepliaklqana.
  8049 | D:10     | Found an ancient bone altar of Kikubaaqudgha.
  8054 | D:10     | Found a stormy altar of Qazlal.
  8112 | D:10     | Reached XP level 11. HP: 88/95 MP: 12/12
  8173 | D:10     | Found a runed translucent gate.
  8174 | D:10     | Found a runed translucent gate.
  8176 | D:10     | Found a runed translucent gate.
  8208 | D:10     | Paralysed by a hornet for 1 turns
  8213 | D:10     | Reached ****** piety under Lugonu
  8223 | D:10     | Found a staircase to the Orcish Mines.
  8578 | D:10     | Noticed QueenGhuleh's ghost (novice MiBe)
  8772 | D:11     | Found a staircase to the Lair.
  8830 | D:11     | Reached skill level 13 in Axes
  9780 | D:12     | Noticed a deep elf pyromancer
  9793 | D:12     | Killed a deep elf pyromancer
  9834 | D:12     | Noticed an obsidian statue
  9922 | D:12     | Noticed a six-headed hydra
  9957 | D:12     | Killed a two-headed hydra
  9977 | D:12     | Noticed a red ugly thing
  9993 | D:12     | Killed a red ugly thing
  9994 | D:12     | Reached skill level 10 in Fighting
 10655 | D:13     | Noticed a centaur warrior
 10676 | D:13     | Killed a centaur warrior
 10685 | D:13     | Reached XP level 12. HP: 79/106 MP: 13/13
 10823 | D:13     | Noticed a centaur warrior
 10836 | D:13     | Killed a centaur warrior
 10895 | D:13     | Noticed Snorg
 10901 | D:13     | Noticed Frances
 10902 | D:13     | Noticed a vault guard
 10908 | D:13     | Noticed a centaur warrior
 10909 | D:13     | Noticed a boulder beetle
 10909 | D:13     | Noticed a vault guard
 10911 | D:13     | Noticed a two-headed ogre
 10912 | D:13     | Noticed a vault guard
 10913 | D:13     | Noticed a boulder beetle
 10914 | D:13     | Noticed a vault guard
 10923 | D:13     | Killed Frances
 10923 | D:13     | Noticed Maurice
 10928 | D:13     | Reached skill level 14 in Axes
 11048 | D:13     | Killed Maurice
 11052 | D:13     | Noticed a two-headed ogre
 11055 | D:13     | Noticed a centaur warrior
 11060 | D:13     | Killed a two-headed ogre
 11066 | D:13     | Shot with an arrow by a centaur warrior

Illustrated notes

Levels and vault maps discovered:
D:1:      dpeg_arrival_orchard, layout_rooms, basic_ecumenical_altar
D:2:      layout_basic, uniq_natasha
D:3:      layout_loops_ring, kennysheep_generic_room_2
D:4:      layout_layer_cave, minmay_temple_entry_arrows, st_stairs_1
D:5:      layout_loops_corners, serial_shops, nicolae_shop_advertising_works
          [nicolae_subvault_shop_adworks], corexii_hall_statues_u, uniq_edmund
D:6:      layout_cave_pools, uniq_maggie
D:7:      layout_cave_pools, mainiacjoe_overflow_alcove_2, led_sif_book,
          minmay_manual_mail, uniq_prince_ribbit1
D:8:      cheibrodos_histonic, layout_basic
D:9:      layout_rooms
D:10:     layout_cave_pools, minmay_overflow_temple_star_quad, orc_0_dummy,
          ebering_ghost_rock_garden, nicolae_trove_entry_isolated
D:11:     layout_basic, erik_lair_island
D:12:     layout_basic, minivault_15
D:13:     kennysheep_snake, layout_loops_ring,
          lightli_vaults_fourway_checkpoint, uniq_snorg, uniq_maurice,
          uniq_frances

Skill      XL: |  1  2  3  4  5  6  7  8  9 10 11 12 |
---------------+-------------------------------------+-----
Fighting       | 4 5 6 7 8 10 | 10.5
Stealth        | 1 2 3 4 |  4.0
Axes           | 3 4 5 7 9 10 12 13 14 | 14.1
Dodging        | 3 4 6 8 |  8.7
Conjurations   | 2 5 8 9 |  9.5
Invocations    | |  2.1

Action                   |  1- 3 |  4- 6 |  7- 9 | 10-12 || total
-------------------------+-------+-------+-------+-------++-------
Melee: Hand axe          |    49 |   125 |       |       ||   174
       Tailslap          |     5 |    22 |    54 |    92 ||   173
       Punch             |       |     1 |       |     7 ||     8
       War axe           |       |    73 |   271 |   513 ||   857
 Abil: Breathe Dispellin |       |       |    10 |       ||    10
Evoke: Wand              |       |       |       |     2 ||     2
  Use: Potion            |       |     2 |     1 |     7 ||    10
       Scroll            |       |       |       |    11 ||    11
 Stab: Sleeping          |     1 |     2 |     4 |     3 ||    10
Armor: Skin              |    21 |    72 |   104 |   222 ||   419
Dodge: Dodged            |    30 |    96 |   213 |   531 ||   870
